AoeStats
← Juyhou

Nomad

508717105Analyzed
4v4 RM · 9d ago on Sep 23, 2026· 45m 15s· 8 players
Game mode
Random Map
Map size
231×231
Population
200
Speed
Normal
Resources
Standard
Victory
Conquest
Starting age
Dark Age
Ending age
Imperial Age
RankedLock teamsTeams togetherTeam positionsShared explorationLock speedFull tech treeHidden civsTurbo modeCheats
Victory
Defeat
🇮🇹 Italians · Italy
1635
+15
🇮🇹 Koreans · Italy
1634
+15
🇮🇹 Varangians · Italy
1618
+15
🇮🇹 Danes · Italy
1611
+16
🇫🇮 Danes · Finland
1886
-25
🇫🇮 Danes · Finland
1603
-15
🇫🇮 Varangians · Finland
1600
-15
🇫🇮 Ethiopians · Finland
1340
-6
Ee-meili
6:53 Loom
8:05 Loom
13:30 Feudal Age
18:43 Castle Age
17:34 Forging
18:41 Double-Bit Axe
19:36 Bow Saw
19:46 Medium Warships
21:26 Horse Collar
26:33 Wheelbarrow
25:43 Town Watch
26:43 Gold Mining
26:43 Stone Mining
27:18 Scale Barding Armor
34:56 Imperial Age
32:53 Chain Barding Armor
35:02 Iron Casting
34:45 Hand Cart
36:38 Scale Mail Armor
38:36 Chain Mail Armor
38:53 Squires
38:14 Pikeman
40:10 Conscription
40:22 Plate Mail Armor
40:53 Blast Furnace
40:22 Halberdier
40:58 Fletching
41:50 Elite Skirmisher
43:27 Bodkin Arrow
44:08 Bracer
44:09 Padded Archer Armor
44:39 Ballistics
45:19 Chemistry
Juyhou
4:32 Loom
11:19 Feudal Age
12:03 Double-Bit Axe
12:32 Fishing Lines
20:05 Town Watch
27:19 Castle Age
25:53 Fletching
dodo
14:24 Feudal Age
13:34 Loom
15:09 Double-Bit Axe
17:59 Castle Age
18:11 Fletching
18:18 Gold Mining
18:31 Fishing Lines
19:21 Bow Saw
19:37 Bodkin Arrow
23:27 Ballistics
30:46 Gillnets
35:07 Wheelbarrow
36:36 Stone Mining
37:36 Scale Mail Armor
37:49 Forging
38:29 Hand Cart
37:59 Town Watch
38:47 Chain Mail Armor
39:51 Iron Casting
44:57 Imperial Age
43:14 Iron Casting
43:25 Padded Archer Armor
elpietrogonzales
5:06 Loom
14:53 Feudal Age
15:56 Horse Collar
19:41 Double-Bit Axe
23:46 Castle Age
23:24 Stone Mining
23:51 Forging
25:05 Scale Mail Armor
28:11 Chain Mail Armor
31:16 Royal Heirs
31:47 Fletching
33:32 Padded Archer Armor
34:52 Town Watch
35:28 Bodkin Arrow
34:59 Elite Skirmisher
36:11 Thumb Ring
37:53 Wheelbarrow
37:59 Crossbowman
39:04 Bow Saw
39:50 Iron Casting
39:52 Leather Archer Armor
42:37 Ballistics
46:39 Imperial Age
Matteo
9:11 Loom
11:46 Feudal Age
12:15 Double-Bit Axe
23:44 Castle Age
22:01 Horse Collar
24:38 Medium Warships
25:41 Bow Saw
26:36 Careening
29:24 Clinker Construction
29:35 Ballistics
29:54 Heavy Plow
31:16 Wheelbarrow
30:26 Town Watch
33:08 Hand Cart
37:21 Imperial Age
34:47 Gold Mining
34:47 Stone Mining
36:07 Scale Mail Armor
36:31 Ballistics
36:08 Murder Holes
36:23 Masonry
35:54 Treadmill Crane
36:21 Town Patrol
37:10 Chain Mail Armor
37:17 Forging
39:11 Chemistry
38:30 Fletching
39:18 Bodkin Arrow
40:28 Plate Mail Armor
40:13 Squires
40:58 Gold Shaft Mining
40:58 Stone Shaft Mining
41:02 Eupseong
42:34 Iron Casting
43:00 Architecture
42:11 Treadmill Crane
43:44 Bracer
44:03 Elite Fire Lancer
45:59 Siege Engineers
GdR_Macdek II
4:25 Loom
12:01 Feudal Age
12:30 Double-Bit Axe
13:16 Town Watch
19:08 Castle Age
17:44 Horse Collar
19:13 Scale Barding Armor
20:45 Bloodlines
31:33 Chain Barding Armor
33:11 Forging
33:05 Gold Mining
33:55 Husbandry
38:22 Imperial Age
36:28 Wheelbarrow
36:56 Iron Casting
38:29 Cavalier
42:47 Heavy Plow
43:26 Conscription
43:44 Plate Barding Armor
43:18 Stone Mining
43:16 Vendel Legacy
GdR_Mark_Landers
10:16 Loom
12:28 Feudal Age
12:59 Double-Bit Axe
19:17 Castle Age
17:28 Fletching
17:55 Fishing Lines
20:12 Medium Warships
20:01 Bodkin Arrow
21:28 Gold Mining
24:05 Siphons
24:17 Clinker Construction
26:55 Wheelbarrow
27:32 Bow Saw
29:24 Stone Mining
31:07 Padded Archer Armor
35:35 Imperial Age
33:25 Scale Mail Armor
34:21 Ballistics
34:27 Forging
34:46 Squires
36:29 Chain Mail Armor
36:08 Horse Collar
37:41 Chemistry
38:37 Conscription
39:14 Bracer
44:16 Plate Mail Armor
46:16 Iron Casting
GdR_Condomttiero
9:28 Loom
14:05 Feudal Age
16:26 Town Watch
19:52 Castle Age
17:51 Fletching
17:55 Gold Mining
19:43 Horse Collar
20:01 Double-Bit Axe
21:08 Bodkin Arrow
23:35 Wheelbarrow
27:47 Padded Archer Armor
29:35 Thumb Ring
30:39 Ballistics
30:47 Bloodlines
31:36 Husbandry
35:40 Hand Cart
40:05 Imperial Age
38:37 Leather Archer Armor
41:06 Bracer
41:45 Gold Shaft Mining
42:24 Chemistry
41:03 Cranequins
42:52 Heavy Plow
42:49 Stone Mining
44:13 Conscription
45:00 Stone Shaft Mining
45:16 Ring Archer Armor
45:09 Heavy Mounted Crossbowman
Connection lost

Rejoining the realm…

Still unreachable

The connection could not be restored.

Session expired

The server has moved on; the page needs a fresh start.